 Dungeon Crawl Stone Soup version 0.29.1-14-g9c671dbff4 (webtiles) character file.

Game seed: 7239119810125787196

308 LustLizard the Firebug (level 6, -6/48 HPs)
             Began as a Hill Orc Fire Elementalist on Feb 21, 2023.
             Engulfed by a steam dragon's steam (7 damage)
             ... on level 5 of the Dungeon.
             The game lasted 00:08:01 (5318 turns).

LustLizard the Firebug (Hill Orc Fire Elementalist) Turns: 5318, Time: 00:08:02

Health: -6/48      AC:  5    Str: 11    XL:     6   Next: 40%
Magic:  0/9        EV: 11    Int: 17    God:
Gold:   17         SH:  3    Dex: 15    Spells: 6/9 levels left

rFire   . . .      SeeInvis .   a - +9 trident of Desertification {vorpal, Dex+4}
rCold   + . .      Faith    .   k - +0 buckler
rNeg    . . .      Spirit   .   h - +1 robe {Will+}
rPois   .          Reflect  .   (no helmet)
rElec   .          Harm     .   A - +0 cloak
rCorr   .          Rampage  .   p - +0 pair of gloves
Will    ++...                   (no boots)
Stlth   ++........              (no amulet)
HPRegen 0.16/turn               x - ring of willpower
MPRegen 0.11/turn               z - ring of protection from cold

@: no status effects
A: no striking features
a: no special abilities


You were on level 5 of the Dungeon.
You visited 2 branches of the dungeon, and saw 6 of its levels.

You collected 176 gold pieces.
You spent 159 gold pieces at shops.

Inventory:

Hand Weapons
 a - the +9 trident of Desertification (weapon) {vorpal, Dex+4}
   (You found it on level 5 of the Dungeon)

   It inflicts extra damage upon your enemies.
   Dex:       It affects your dexterity (+4).
 c - a +1 short sword of freezing
Missiles
 m - 5 poisoned darts
Armour
 h - a +1 robe of willpower (worn)
 k - a +0 buckler (worn)
 p - a +0 pair of gloves (worn)
 A - a +0 cloak (worn)
Jewellery
 u - an amulet of faith
 x - a ring of willpower (left hand)
 z - a ring of protection from cold (right hand)
Wands
 q - a wand of quicksilver (8)
Scrolls
 d - 3 scrolls of vulnerability {unknown}
 f - a scroll of torment {unknown}
 j - a scroll of fear {unknown}
 l - 2 scrolls of teleportation
 s - a scroll of immolation {unknown}
 t - a scroll of acquirement {unknown}
 v - a scroll of identify
 y - a scroll of enchant weapon {unknown}
Potions
 b - a potion of magic
 e - 4 potions of brilliance
 g - 2 potions of mutation
 i - a potion of attraction
 n - a potion of heal wounds
 o - a potion of curing
 r - 2 potions of lignification
 w - a potion of might


   Skills:
 + Level 2.2 Fighting
 - Level 1.7 Dodging
 + Level 2.6 Stealth
 + Level 2.2 Spellcasting
 * Level 3.4 Conjurations
 * Level 4.9 Fire Magic


You had 6 spell levels left.
You knew the following spells:

 Your Spells              Type           Power      Damage    Failure   Level
a - Foxfire               Conj/Fire      64%        2x1d7     4%          1
b - Scorch                Fire           36%        2d7       4%          2

Your spell library contained the following spells:

 Spells                   Type           Power      Damage    Failure   Level
 Conjure Flame            Conj/Fire      16%        6-21      14%         3
 Inner Flame              Hex/Fire       10%        N/A       28%         3
 Flame Wave               Conj/Fire      16%        2d7       41%         4
 Call Canine Familiar     Summ           1%         N/A       61%         3
 Gell's Gravitas          Tloc           1%         N/A       61%         3
 Lesser Beckoning         Tloc           1%         N/A       61%         3
 Portal Projectile        Hex/Tloc       2%         N/A       61%         3
 Teleport Other           Tloc           1%         N/A       61%         3
 Leda's Liquefaction      Hex/Erth       0%         N/A       95%         4


Dungeon Overview and Level Annotations

Branches:
Dungeon (5/15)             Temple (1/1) D:5

Altars:
Ashenzari
Cheibriados
Elyvilon
Fedhas
Gozag
Hepliaklqana
Kikubaaqudgha
Makhleb
Nemelex Xobeh
Okawaru
Qazlal
Ru
Trog
Vehumet
Xom
Yredelemnul
Zin

Shops:
D:2 ?[?[!


Message History

You conjure some foxfire!
You conjure some foxfire!
You conjure some foxfire!
The foxfire hits the steam dragon.
The steam dragon is lightly wounded.
The foxfire hits the steam dragon but does no damage.
The steam dragon is lightly wounded.
Casting: Foxfire (safe; 4% risk of failure)
Confirm with . or Enter, or press ? or * to list all spells.
Flames lash the steam dragon.
The steam dragon is moderately wounded.
The steam dragon's fire resistance burns away.
Your foxfire dissipates!
The foxfire hits the steam dragon.
The steam dragon is moderately wounded.
The foxfire hits the steam dragon.
The steam dragon is burned terribly!
The steam dragon is severely wounded.
The foxfire hits the steam dragon but does no damage.
The steam dragon is severely wounded.
The steam dragon bites you but does no damage.
The steam dragon claws you.
Casting: Scorch (safe; 4% risk of failure)
Confirm with . or Enter, or press ? or * to list all spells.
Flames lash the steam dragon.
The steam dragon is burned terribly!
The steam dragon is almost dead.
The steam dragon breathes steam at you. The ball of steam hits you!!
* * * LOW HITPOINT WARNING * * *
You hear an angry hiss. x2
Casting: Scorch (safe; 4% risk of failure)
Confirm with . or Enter, or press ? or * to list all spells.
Flames lash the steam dragon.
The steam dragon is burned terribly!
The steam dragon is almost dead.
You are engulfed in a cloud of scalding steam.
* * * LOW HITPOINT WARNING * * *
The steam dragon misses you. The steam dragon claws you.
* * * LOW HITPOINT WARNING * * *
You closely miss the steam dragon.
The steam dragon is almost dead.
You are engulfed in a cloud of scalding steam.
You die...

#≈≈≈#.>.#≈≈≈#
#≈≈≈#...#≈≈≈#
#≈≈≈##.##≈≈≈#
#≈≈≈≈#.#≈≈≈≈#
#≈≈≈≈#.#≈≈≈≈#
#≈≈≈≈#.#≈≈≈≈#
######.######
####..##..§#
#<.......@# #
########§D######.##.#
#.....D......#
###†.#####?≈≈P.#
#....# .§≈..#
#.........#.PD..#
#..##.###.##..J.#
...###.# ###.# .###
#.# .#


You could see a steam dragon (catching breath, combustible).

Vanquished Creatures
  A scorpion (D:4)
  Crazy Yiuf (D:4)
  An orc wizard (D:3)
  Natasha (thrice) (D:2)
  3 adders
  An ufetubus (D:4)
  2 worms
  3 dart slugs
  13 orcs
  5 endoplasms
  A giant cockroach (D:3)
  4 goblins
  5 hobgoblins
  4 jackals (D:3)
  A quokka (D:3)
  2 ball pythons
  4 bats
  A frilled lizard (D:2)
  8 kobolds
  4 rats
67 creatures vanquished.

Vanquished Creatures (others)
  2 demonic plants (D:5)
  277 foxfires
279 creatures vanquished.

Grand Total: 346 creatures vanquished

Notes
Turn   | Place    | Note
-------+----------+-------------------------------------------
     0 | D:1      | LustLizard the Hill Orc Fire Elementalist began the quest
                  | for the Orb.
     0 | D:1      | Reached XP level 1. HP: 14/14 MP: 3/3
   127 | D:1      | Found a faded altar of an unknown god.
   438 | D:1      | Reached XP level 2. HP: 20/20 MP: 1/4
   735 | D:2      | Found a white marble altar of Elyvilon.
   971 | D:2      | Learned a level 2 spell: Scorch
  1036 | D:2      | Found Ugempauv's Magic Scroll Shop.
  1087 | D:2      | Bought a scroll of identify for 24 gold pieces
  1094 | D:2      | Found Vinku's Armour Shop.
  1094 | D:2      | Noticed Natasha
  1099 | D:2      | Killed Natasha
  1100 | D:2      | Reached XP level 3. HP: 27/27 MP: 1/5
  1185 | D:2      | Noticed Natasha
  1190 | D:2      | Killed Natasha
  1191 | D:2      | Reached skill level 1 in Fighting
  1191 | D:2      | Reached skill level 4 in Fire Magic
  1191 | D:2      | Reached XP level 4. HP: 35/35 MP: 2/6
  1272 | D:2      | Found Jysm's Armour Shop.
  1344 | D:2      | Noticed Natasha
  1356 | D:2      | Killed Natasha
  1786 | D:2      | Found Joconoj's Magic Scroll Emporium.
  1794 | D:2      | Bought a scroll of teleportation for 39 gold pieces
  1881 | D:2      | Found Tosionis's Distillery.
  1888 | D:2      | Bought a potion of heal wounds for 60 gold pieces
  1888 | D:2      | Bought a potion of curing for 36 gold pieces
  2228 | D:3      | Found a radiant altar of Vehumet.
  2239 | D:3      | Reached XP level 5. HP: 40/40 MP: 3/8
  3499 | D:4      | Reached XP level 6. HP: 48/48 MP: 1/9
  3890 | D:4      | Found a runed translucent door.
  3891 | D:4      | Noticed Crazy Yiuf
  4480 | D:4      | Found a sparkling altar of Nemelex Xobeh.
  4842 | D:4      | Killed Crazy Yiuf
  5132 | D:5      | Entered Level 5 of the Dungeon
  5138 | D:5      | Found a staircase to the Ecumenical Temple.
  5147 | Temple   | Entered the Ecumenical Temple
  5286 | D:5      | Identified the +9 trident of Desertification {vorpal,
                  | Dex+4}
  5305 | D:5      | Noticed a steam dragon
  5317 | D:5      | HP: 1/48 [steam dragon (2)]
  5318 | D:5      | Engulfed by a steam dragon's steam

Illustrated notes

Levels and vault maps discovered:
D:1:      scummos_arrival_forest, layout_rooms,
          shapermc_ecumenical_altar_totnotflames
D:2:      layout_loops_ring, basic_altar, serial_shops, nicolae_diamond_shop,
          shop, shop, shop, nicolae_shop_advertising_works
          [nicolae_subvault_shop_adworks], uniq_natasha
D:3:      layout_basic, vehumet_crystals
D:4:      layout_layer_cave, nemelex_spade_bored_becter,
          kennysheep_generic_room_15, uniq_crazy_yiuf_cottage
D:5:      layout_basic, minmay_temple_entry_poolview, serial_demonic,
          serial_demonic_a, serial_demonic_g, serial_demonic_f, serial_demonic_c
Temple:   nicolae_temple_superstar

Skill      XL: |  1  2  3  4  5 |
---------------+----------------+-----
Stealth        | 2 |  2.6
Fighting       | 1 2 |  2.2
Conjurations   | 2 3 |  3.4
Fire Magic     | 4 |  4.9
Spellcasting   | 2 |  2.2
Dodging        | |  1.7

Action                   |  1- 3 |  4- 6 || total
-------------------------+-------+-------++-------
Melee: Short sword       |    12 |    33 ||    45
       Trident           |       |     1 ||     1
 Cast: Foxfire           |    35 |   126 ||   161
       Scorch            |       |     7 ||     7
  Use: Scroll            |     2 |     3 ||     5
 Stab: Sleeping          |     1 |       ||     1
Armor: Robe              |     3 |    10 ||    13
Dodge: Dodged            |     8 |    13 ||    21
Block: Buckler           |       |     3 ||     3
